 Dungeon Crawl Stone Soup version 0.31.0-32-g396128a36d (webtiles) character file.

Game seed: 8360261932417345744

99 PaiMei the Grave Robber (level 4, -2/32 HPs)
             Began as a Demonspawn Necromancer on Apr 17, 2024.
             Asphyxiated
             ... in a sewer.
             The game lasted 00:02:56 (2584 turns).

PaiMei the Grave Robber (Demonspawn Necromancer)    Turns: 2584, Time: 00:02:57

Health: -2/32      AC:  3    Str: 13    XL:     4   Next: 45%
Magic:  8/8        EV: 12    Int: 17    God:
Gold:   112        SH:  0    Dex: 14    Spells: 4/8 levels left

rFire   . . .        q - +1 dagger (venom)
rCold   . . .        (no shield)
rNeg    . . .        o - +0 robe of Unaippir {Rampage Str+5}
rPois   .            (no helmet)
rElec   .            (no cloak)
rCorr   .            (no gloves)
SInv    .            (no boots)
Will    .....        (no amulet)
Stlth   +            (no ring)
HPRegen 0.25/turn    (no ring)
MPRegen 0.22/turn

%: rampage
@: lethally poisoned (-2 -> -26), slowed, very slow
A: rugged brown scales 1, magic regeneration
a: no special abilities


You were in a sewer.
You visited 1 branch of the dungeon, and saw 3 of its levels.
You also visited: Sewer.

You collected 112 gold pieces.

Inventory:

Hand Weapons
 g - a +0 mace
 q - a +1 dagger of venom (weapon)
Missiles
 h - 4 datura-tipped darts (quivered)
 m - 6 poisoned darts
Armour
 i - a +0 kite shield
 o - the +0 robe of Unaippir (worn) {Rampage Str+5}
   (You found it on level 2 of the Dungeon)

   Str+5:     It affects your strength (+5).
   Rampage:   It bestows one free step when moving towards enemies.
 p - an orb of light
Scrolls
 d - a scroll of teleportation {unknown}
 f - a scroll of poison {unknown}
 k - 3 scrolls of identify {unknown}
 l - 3 scrolls of fear {unknown}
 n - a scroll of enchant armour {unknown}
Potions
 b - 2 potions of magic
 c - a potion of resistance {unknown}
 e - 2 potions of degeneration {unknown}
 j - a potion of might {unknown}


   Skills:
 + Level 1.6 Fighting
 + Level 2.6 Dodging
 - Level 2.0 Stealth
 + Level 2.8 Spellcasting
 + Level 5.0 Necromancy


You had 4 spell levels left.
You knew the following spells:

 Your Spells              Type           Power      Damage    Failure   Level
a - Necrotise             Necr           76%        1d7       2%          1
b - Vampiric Draining     Necr           19%        2d7       7%          3

Your spell library contained the following spells:

 Spells                   Type           Power      Damage    Failure   Level
 Animate Dead             Necr           19%        N/A       22%         4
 Blink                    Tloc           4%         N/A       26%         2
 Jinxbite                 Hex            4%         N/A       26%         2
 Lesser Beckoning         Tloc           4%         N/A       26%         2
 Momentum Strike          Conj/Tloc      4%         3d8       26%         2
 Curse of Agony           Necr           19%        N/A       54%         5
 Yara's Violent Unravell  Hex/Alch       1%         3d3       99%         5
 Enfeeble                 Hex            1%         N/A       100%        7


Dungeon Overview and Level Annotations

Branches:
Dungeon (3/15)              Sewer (1/1)

Altars:
Dithmenos


Innate Abilities, Weirdness & Mutations

You are partially covered in rugged brown scales. (AC +1, +3% HP)
You regenerate magic rapidly.


Message History

Casting: Necrotise (safe; 2% risk of failure)
Confirm with . or Enter, or press ? or * to list all spells.
You can't see any susceptible monsters within range! (Use Z to cast anyway.)
Casting: Necrotise (safe; 2% risk of failure)
Confirm with . or Enter, or press ? or * to list all spells.
You can't see any susceptible monsters within range! (Use Z to cast anyway.)
A kobold comes into view. It is wielding a +0 club.
The kobold shouts!
A kobold brigand comes into view.
It is wielding a +0 whip and quivering curare-tipped darts.
There are monsters nearby!
Something hits your kobold skeleton. x2
Your kobold skeleton barely misses the kobold.
A kobold is nearby!
Your kobold skeleton barely misses the kobold.
The kobold splashes around in the water.
Your kobold skeleton hits the kobold but does no damage.
Your kobold skeleton misses the kobold.
The kobold hits your kobold skeleton with a +0 club.
Your kobold skeleton splashes around in the water.
Your kobold skeleton crumbles into dust!
Your kobold skeleton splashes around in the water.
The kobold brigand throws a curare-tipped dart.
The curare-tipped dart hits your kobold skeleton.
Your kobold skeleton barely misses the kobold.
The kobold hits your kobold skeleton with a +0 club.
Your kobold skeleton is destroyed!
The kobold brigand hits your kobold skeleton with a +0 whip!
Your kobold skeleton is destroyed!
The kobold brigand throws a curare-tipped dart.
The curare-tipped dart hits you.
You are poisoned.
You have difficulty breathing.
You feel yourself slow down.
You rampage towards the kobold!
* * * LOW HITPOINT WARNING * * *
You feel extremely sick.
The kobold brigand throws a curare-tipped dart.
The curare-tipped dart hits you.
You are more poisoned.
You have difficulty breathing.
You die...

.~≈~.# #.~≈~.## #.~≈~..∩
#.≈≈~.# #.~≈~.# ##.~≈~~##
##################..~≈~~.#
~~~~~~~~~~~~~~~~@~K~~≈~~~#
##################K~~≈~~.#
#~.~≈~..# #.~~≈~~.#
#K~≈≈≈~~# #~)≈≈≈~.#
#~~≈≈≈~~# #~K~~~..#
#....~..#


You could see a kobold brigand and a kobold.

Vanquished Creatures
  2 adders (D:3)
  2 river rats (Sewer)
  A dart slug (D:2)
  A ribbon worm (D:2)
  5 ball pythons
  An endoplasm (D:2)
  3 giant cockroaches
  4 goblins
  4 hobgoblins
  4 jackals
  5 quokkas
  7 bats
  2 frilled lizards (D:1)
  8 kobolds
  8 rats
57 creatures vanquished.

Vanquished Creatures (collateral kills)
  A goblin (D:1)
  A quokka (D:3)
  A frilled lizard (D:2)
3 creatures vanquished.

Grand Total: 60 creatures vanquished

Notes
Turn   | Place    | Note
-------+----------+-------------------------------------------
     0 | D:1      | PaiMei the Demonspawn Necromancer began the quest for the
                  | Orb.
     0 | D:1      | Reached XP level 1. HP: 13/13 MP: 3/3
   324 | D:1      | Gained mutation: You are partially covered in rugged brown
                  | scales. (AC +1, +3% HP) [demonic ancestry]
   324 | D:1      | Reached XP level 2. HP: 13/19 MP: 1/5
  1476 | D:2      | Gained mutation: You regenerate magic rapidly. [demonic
                  | ancestry]
  1476 | D:2      | Reached XP level 3. HP: 25/25 MP: 4/6
  1480 | D:2      | Learned a level 3 spell: Vampiric Draining
  1596 | D:2      | Reached skill level 1 in Fighting
  1737 | D:2      | Identified the +0 robe of Unaippir {Rampage Str+5}
  2277 | D:3      | Found a shadowy altar of Dithmenos.
  2328 | D:3      | Found a glowing drain.
  2333 | D:3      | Reached XP level 4. HP: 32/32 MP: 4/7
  2383 | Sewer    | Entered a sewer
  2393 | Sewer    | Reached skill level 5 in Necromancy
  2572 | Sewer    | Noticed a kobold brigand
  2584 | Sewer    | Asphyxiated

Illustrated notes

Levels and vault maps discovered:
D:1:      nicolae_arrival_somewhat_less_tricky_arrival, layout_loops_corners,
          chequers_serial_rivers_room_a, minivault_23
D:2:      layout_basic, minmay_statues_item, minmay_circle_x
D:3:      layout_basic, lemuel_tele_altar, lemuel_round_altar,
          mainiacjoe_overflow_six_doors_small, portal_sewer_entry_f
Sewer:    sewer_kobolds

Skill      XL: |  1  2  3  4 |
---------------+-------------+-----
Dodging        | 2 |  2.6
Stealth        | 2 |  2.0
Fighting       | 1 |  1.6
Necromancy     | 5 |  5.0
Spellcasting   | |  2.8

Action                     |  1- 3 |  4- 6 || total
---------------------------+-------+-------++-------
  Melee: Mace              |    13 |       ||    13
         Dagger            |       |     4 ||     4
   Cast: Necrotise         |    70 |    19 ||    89
 Armour: Robe              |    18 |     3 ||    21
  Dodge: Dodged            |    22 |     9 ||    31
